AoeStats
← 大明朱元璋

Pilgrims

507048026Analyzed
4v4 RM · 15d ago on Sep 16, 2026· 26m 43s· 8 players
Game mode
Random Map
Map size
Large (8 player)
Population
200
Speed
Normal
Resources
Standard
Victory
Conquest
Starting age
Dark Age
Ending age
Imperial Age
RankedLock teamsTeams togetherTeam positionsShared explorationLock speedFull tech treeHidden civsTurbo modeCheats
Victory
Defeat
🇹🇭 Slavs · Thailand
1016
+12
🇰🇷 Bohemians · South Korea
913
+16
🇺🇸 Aztecs · United States
904
+18
🇨🇳 Wu · China
891
+17
🇨🇳 Spanish · China
1038
-20
🇨🇿 Vikings · Czechia
1036
-20
🇳🇱 Magyars · Netherlands
803
-11
🇳🇱 Bulgarians · Netherlands
794
-10
Eagle3
8:30 Loom
13:17 Feudal Age
14:03 Double-Bit Axe
19:02 Scale Mail Armor
20:24 Forging
20:30 Fletching
28:40 Castle Age
ナンゴン ウェニア
9:33 Feudal Age
10:15 Double-Bit Axe
10:33 Fishing Lines
11:48 Town Watch
15:08 Wheelbarrow
17:53 Forging
20:49 Castle Age
21:51 Gillnets
22:17 Medium Warships
22:39 Bow Saw
23:21 Iron Casting
SB 打碎小粉紅
10:54 Feudal Age
12:23 Wheelbarrow
13:42 Loom
16:45 Castle Age
15:52 Scale Barding Armor
16:48 Forging
16:50 Bloodlines
18:27 Fishing Lines
20:25 Scale Mail Armor
21:26 Chain Barding Armor
21:40 Double-Bit Axe
24:04 Husbandry
25:26 Hand Cart
24:57 Town Watch
26:11 Iron Casting
25:54 Gillnets
大明朱元璋
16:48 Feudal Age
17:51 Fishing Lines
18:17 Double-Bit Axe
19:11 Wheelbarrow
18:23 Loom
26:31 Castle Age
26:17 Forging
26:07 Scale Mail Armor
26:06 Arson
DESTINNI
7:57 Loom
10:42 Feudal Age
11:47 Gold Mining
11:44 Double-Bit Axe
19:37 Fletching
21:48 Castle Age
21:54 Horse Collar
22:49 Medium Warships
Rad el Bárbaro
6:25 Loom
10:57 Feudal Age
11:54 Horse Collar
13:03 Fishing Lines
17:30 Castle Age
16:26 Scale Mail Armor
16:37 Forging
17:26 Town Watch
18:18 Wheelbarrow
18:10 Gillnets
19:19 Gambesons
19:35 Squires
20:14 Arson
Ruli
17:21 Feudal Age
20:05 Double-Bit Axe
20:39 Gold Mining
24:43 Castle Age
25:13 Pikeman
26:58 Wheelbarrow
27:16 Scale Mail Armor
2878981277
5:15 Loom
11:46 Feudal Age
12:16 Fishing Lines
19:13 Castle Age
17:17 Fletching
20:15 Bodkin Arrow
23:07 Medium Warships
Connection lost

Rejoining the realm…

Still unreachable

The connection could not be restored.

Session expired

The server has moved on; the page needs a fresh start.